Map: Automaton LE

Players

FukyounoGG

  • Race: Protoss Protoss
  • League: Master
  • Spawn Location: 9:00

Nisho - Winner!

  • Race: Protoss Protoss
  • League: Master
  • Spawn Location: 3:00

VOD

Have the link to the VOD?

Description

Time

  • Played on: May 13, 2019, 10:44 a.m.
  • Length: 10:01
Show
View Real Time Build Order
Export as new Build Order

FukyounoGG Protoss 

Build Orders:  

Get SALT Encoding   

  12  0:00  Probe  
  13  0:12  Probe  
  14  0:18  Pylon  
  14  0:28  Probe  
  14  0:34  Assimilator  
  15  0:40  Probe  
  16  0:45  Gateway  
  16  0:52  Probe  
  16  0:54  Assimilator  
  17  1:05  Probe  
  18  1:17  Probe  
  19  1:19  Gateway  
  19  1:29  Probe  
  19  1:32  Cybernetics Core  
  20  1:41  Probe  
  20  1:45  Pylon  
  21  1:53  Probe  
  22  2:00  Stalker  
  22  2:01  Sentry  
  22  2:05  Probe  
  22  2:07  Warp Gate  
  27  2:17  Probe  
  28  2:25  Stalker  
  29  2:45  Pylon  
  29  2:49  Gateway  
  29  3:11  Shield Battery  
  29  3:15  Probe  
  30  3:23  Nexus  
  30  3:24  Pylon  
  30  3:29  Shield Battery  
  30  3:41  Robotics Facility  
  30  4:02  Shield Battery  
  30  4:05  Shield Battery  
  30  4:09  Stalker x2  
  34  4:10  Stalker  
  36  4:17  Immortal  
  32  4:32  Stalker  
  32  4:33  Stalker x2  
  38  4:40  Probe  
  34  4:52  Probe  
  35  4:59  Sentry x2  
  39  5:05  Pylon  
  39  5:06  Pylon  
  35  5:18  Stalker  
  35  5:33  Stalker x2  
  37  5:43  Stalker  
  39  5:52  Shield Battery  
  39  5:56  Adept x2  
  43  6:10  Stalker  
  45  6:14  Warp Prism  
  45  6:23  Stalker  
  49  6:34  Sentry  
  49  6:47  Stalker  
  49  6:48  Immortal  
  53  7:04  Stalker  
  51  7:19  Immortal  
  51  7:20  Stalker  
  55  7:49  Pylon  
  55  7:50  Pylon  
  55  7:51  Pylon  
  55  8:10  Gateway  
  55  8:36  Pylon  
  55  8:41  Pylon  
  55  8:43  Pylon  
  53  9:00  Stalker  
  55  9:03  Nexus  
  55  9:28  Stalker x2  
  55  9:30  Zealot  
  45  9:58  Stalker x2  
Show
View Real Time Build Order
Export as new Build Order

Nisho Protoss - Winner!

Build Orders:  

Get SALT Encoding   

  12  0:00  Probe  
  13  0:13  Probe  
  14  0:18  Pylon  
  14  0:24  Probe  
  15  0:33  Probe  
  15  0:38  Gateway  
  15  0:41  Probe  
  16  0:47  Assimilator  
  17  0:51  Probe  
  17  0:56  Assimilator  
  18  1:00  Probe  
  19  1:08  Probe  
  19  1:12  Gateway  
  19  1:17  Probe  
  21  1:25  Cybernetics Core  
  21  1:30  Probe  
  22  1:39  Pylon  
  22  1:43  Probe  
  23  1:52  Warp Gate  
  23  2:01  Adept  
  23  2:02  Adept  
  23  2:06  Robotics Facility  
  27  2:31  Stalker x2  
  31  2:38  Pylon  
  31  2:50  Immortal  
  35  3:00  Shield Battery  
  35  3:05  Gateway  
  35  3:16  Pylon  
  35  3:28  Probe  
  35  3:30  Warp Prism  
  38  3:43  Stalker  
  38  3:45  Stalker  
  42  4:21  Warp Prism  
  42  4:22  Stalker x2  
  42  4:31  Pylon  
  42  4:33  Pylon  
  42  4:36  Stalker x2  
  44  4:47  Stalker  
  46  5:00  Stalker x2  
  46  5:21  Stalker  
  46  5:27  Warp Prism  
  44  5:34  Stalker x2  
  42  5:53  Nexus  
  42  6:00  Nexus  
  42  6:03  Sentry  
  44  6:14  Probe  
  45  6:26  Probe, Stalker  
  45  6:27  Stalker  
  45  6:29  Sentry  
  52  6:48  Probe  
  53  7:00  Probe  
  54  7:05  Pylon  
  54  7:06  Twilight Council  
  54  7:07  Pylon  
  54  7:12  Probe  
  53  7:18  Immortal  
  51  7:24  Probe  
  56  7:37  Probe  
  56  7:40  Gateway, Charge  
  56  7:42  Gateway  
  57  7:49  Templar Archives  
  57  7:51  Sentry  
  59  7:52  Sentry  
  59  7:57  Observer  
  62  8:03  Sentry  
  64  8:23  Shield Battery  
  64  8:24  Shield Battery  
  64  8:26  Pylon  
  64  8:32  Stalker x2  
  68  8:44  Gateway  
  68  8:47  Gateway  
  68  8:53  Zealot x2  
  72  9:00  Zealot x2  
  76  9:09  Forge  
  76  9:18  Assimilator  
  76  9:20  Assimilator  
  76  9:26  Stalker  
  76  9:27  Stalker  
  76  9:28  High Templar  
  76  9:31  High Templar  
  84  9:36  Archon  
  76  9:51  Zealot x4  
Tags
 
Matchup
PvP
Spawn Locations
Cross Positions
Add a new tag
Caveats
  • Supply blocks, unpowered buildings, or Contaminate may cause inaccurate times.
  • Supply counts are checked every 10 seconds.